Binster, chaotic male elven Priest --- --.-- |...| ---...| |.....| ---.---.| |...| |.| ---.--- |.| #|...| |.| - -#-.--- --|.--.. .. |...|----.|...... -... ---.#--|.....--..... ..<.. ---|.#|...|---....-||...... ..... --..|.-#.---|.......-|......| ..... |........##*#..>.....|.....- ..... --.....##.- --....|..|--..-- .....-- ----......--#.--------#.-- ......| --..).....[.## #f..| .....###))###))##..........-- |.@h#*# ----#- ##.####)#.-- ---- ** ----- Binster the Acolyte Experience level: 4 Strength: 11 Dexterity: 15 Constitution: 13 Intelligence: 8 Wisdom: 19 Charisma: 10 Health: 0(29) Energy: 21(35) Def: 11 Gold: 178 Moves: 1970 Dungeon seed: felSlhFD3nALfmb9 Game ID: Binster_1614898706 Your Inventory: Coins $ - 178 gold pieces Amulets F - a cursed amulet of ESP (being worn) Weapons a - a blessed rusty +2 mace (weapon in hand) t - 24 +0 arrows (in quiver) u - a +0 bow (alternate weapon; not wielded) Armor e - a +0 robe (being worn) n - a +0 small shield (being worn) x - a +0 pair of iron shoes (being worn) G - a blessed +2 orcish helm (being worn) Comestibles c - a clove of garlic d - a sprig of wolfsbane Scrolls s - a cursed scroll of teleportation I - a cursed scroll of identify J - a cursed scroll of amnesia K - a cursed scroll of light Spellbooks f - a spellbook of healing g - a spellbook of detect monsters o - a spellbook of confuse monster L - a spellbook of protection Potions b - 2 potions of holy water O - a cursed potion of healing P - 2 potions of unholy water Q - a cursed potion of restore ability Tools h - a wooden flute l - a horn of plenty (0:7) A - 14 tallow candles (0:200) D - a magic whistle R - a skeleton key S - an oil lamp (lit) (0:903) Gems q - a touchstone r - a luckstone v - an opal C - a ruby V - a cursed worthless piece of red glass W - a cursed worthless piece of violet glass X - a cursed worthless piece of white glass Y - an obsidian stone Spells and supernatural/magical abilities: Name Level Category Fail Memory h - healing 1 healing 0% 91% n - detect monsters 1 divination 0% 91% p - protection 1 clerical 0% 100% u - confuse monster 2 enchantment 47% 94% W - pray for help -- divine ? -- X - turn undead -- divine ? -- Your skills at the end: Fighting Skills Weapon Skills mace [Basic] Spellcasting Skills clerical spells [Basic] Final Attributes: You were piously aligned. You were sleep resistant. You were telepathic. You had infravision. You were protected. You were lucky. You had extra luck. Bad luck did not time out for you. Good luck did not time out for you. You are dead. Vanquished creatures: a gnome king 2 gnome lords 2 floating eyes a kitten 3 dwarves a homunculus a wererat an iguana a hobbit a yellow mold 8 gnomes 2 jackals a fox 2 kobolds 3 sewer rats 2 grid bugs 4 lichens 6 newts 42 creatures vanquished. Voluntary challenges: You used a wielded weapon 29 times, starting on turn 79. You read items or engraved 10 times, starting on turn 689. You never genocided any monsters. You never polymorphed an object. You never changed form. You used no wishes. You never split a pudding. You never wrote Elbereth's name. You never violated your personal moral code. Dungeon overview: The Dungeons of Doom: levels 1 to 2 Level 1 some fountains a long staircase Level 2 stairs to The Gnomish Mines The Gnomish Mines: levels 3 to 4 Level 3 stairs to The Dungeons of Doom Level 4 <- You were here History has recorded: On T:1 you entered the Dungeons of Doom to retrieve the Amulet of Yendor! On T:647 you reached level 2 of The Dungeons of Doom. On T:862 you advanced to experience level 2. On T:1134 you reached level 1 of The Gnomish Mines. On T:1195 you advanced to experience level 3. On T:1240 you advanced to experience level 4. On T:1748 you reached level 2 of The Gnomish Mines. Score breakdown: Gold: 178 ( 7663 points) Experience: 4 levels ( 9649 points) Exploration: 4 levels ( 8.00%) ( 7423 points) Discoveries: 15 items ( 5.24%) ( 6870 points) Valuables value: (no points given unless you survive) Artifact value: 0 ( 0 points) Variety of kills: 18 monsters ( 4.72%) ( 6520 points) Turncount: 1970 turns ( 0 points) Survival: died (score multiplied by 80%) Total score: 30500 Latest messages: Your lamp is now on. The golden haze around you becomes less dense. You are carrying too much to get through. The golden haze around you disappears. You see here 11 rocks. The air around you begins to shimmer with a golden haze. You displace Qwerty. You miss the dwarf king. The dwarf king swings his broad pick. The dwarf king hits! The dwarf king swings his broad pick. The dwarf king misses. You miss the dwarf king. The dwarf king swings his broad pick. The dwarf king just misses! The dwarf king swings his broad pick. The dwarf king misses. You hit the dwarf king. You miss the dwarf king. The dwarf king swings his broad pick. The dwarf king hits! The dwarf king swings his broad pick. The dwarf king hits! You die... Final status: Goodbye Binster the Priest, killed by a dwarf king... You died in The Gnomish Mines on dungeon level 4 with 30500 points, and 178 pieces of gold, after 1970 moves. You were level 4 with a maximum of 29 hit points when you died.